 Dungeon Crawl Stone Soup version 0.31-a0-345-g1ebeae05c6 (webtiles) character file.

Game seed: 14422273702105824120

354 promet the Caller (level 6, -1/44 HPs)
             Began as a Human Wanderer on July 22, 2023.
             Slain by Duvessa
             ... wielding a +0 short sword
              (15 damage)
             ... on level 4 of the Dungeon.
             The game lasted 00:23:36 (5648 turns).

promet the Caller (Human Wanderer)                  Turns: 5648, Time: 00:23:37

Health: -1/44      AC:  5    Str: 15    XL:     6   Next: 94%
Magic:  7/10       EV: 11    Int: 12    God:
Gold:   167        SH:  0    Dex: 12    Spells: 9/10 levels left

rFire   . . .        a - +2 falchion (elec)
rCold   . . .        (no shield)
rNeg    . . .        d - +0 leather armour
rPois   .            (no helmet)
rElec   .            (no cloak)
rCorr   .            (no gloves)
SInv    .            e - +1 pair of boots
Will    .....        (no amulet)
Stlth   ++           (no ring)
HPRegen 0.27/turn    (no ring)
MPRegen 0.12/turn

%: no passive effects
@: no status effects
A: no striking features
a: no special abilities


You were on level 4 of the Dungeon.
You visited 1 branch of the dungeon, and saw 4 of its levels.

You collected 167 gold pieces.

Inventory:

Hand Weapons
 a - a +2 falchion of electrocution (weapon)
 b - a +1 sling
 c - a +3 rapier of flaming
 h - a +0 dagger of venom
 j - a +0 spear
 s - a +0 mace
 t - a +0 spear
Missiles
 q - 8 boomerangs
Armour
 d - a +0 leather armour (worn)
 e - a +1 pair of boots (worn)
Talismans
 g - a beast talisman
 o - a talisman of death
Scrolls
 k - 2 scrolls of summoning
 n - 2 scrolls of vulnerability
 r - a scroll of fog
 v - a scroll of identify
Potions
 f - 2 potions of mutation
 i - 2 potions of might {unknown}
 l - a potion of enlightenment {unknown}
 p - a potion of attraction {unknown}
 u - a potion of brilliance {unknown}


   Skills:
 * Level 2.2 Fighting
 + Level 0.2(1.5) Short Blades
 + Level 2.4 Long Blades
 + Level 1.5 Maces & Flails
 + Level 1.4 Ranged Weapons
 + Level 0.1 Throwing
 + Level 2.1 Armour
 + Level 0.8 Dodging
 + Level 2.8 Stealth
 + Level 2.8 Spellcasting
 + Level 3.7 Summonings
 + Level 1.0 Evocations


You had 9 spell levels left.
You knew the following spells:

 Your Spells              Type           Power      Damage    Failure   Level
a - Summon Small Mammal   Summ           40%        N/A       7%          1

Your spell library contained the following spells:

 Spells                   Type           Power      Damage    Failure   Level
 Call Canine Familiar     Summ           10%        N/A       21%         3
 Summon Ice Beast         Ice/Summ       6%         N/A       80%         4


Dungeon Overview and Level Annotations

Branches:
Dungeon (4/15)
 Temple: D:4-7

Altars:
Gozag

Annotations:
D:4 Duvessa, Robin


Message History

Your bat's corpse disappears in a puff of smoke!
Duvessa shouts!
Throw: dart (poison)
Press: ? - help, Q - select action, (/) - cycle Shift-Dir - straight line, f/p - Duvessa
Aim: Duvessa, wielding a +0 short sword and wearing a +0 leather armour (blue smoke, lightly wounded, berserk, very poisoned, 58% to hit)
You throw a poisoned dart.
The poisoned dart barely misses Duvessa.
Casting: Summon Small Mammal (safe; 7% risk of failure)
Confirm with . or Enter, or press ? or * to list all spells.
Casting: Summon Small Mammal (safe; 7% risk of failure)
Confirm with . or Enter, or press ? or * to list all spells.
Duvessa rages.
Okay, then.
Your quokka bites Duvessa but does no damage.
You barely miss Duvessa.
Duvessa is lightly wounded.
Duvessa hits you with a +0 short sword!
Your rat closely misses Duvessa.
You barely miss Duvessa.
Duvessa is lightly wounded.
Duvessa barely misses you.
Your quokka bites Duvessa.
Duvessa hits your quokka with a +0 short sword!
Your quokka dies!
Your quokka's corpse disappears in a puff of smoke!
Your rat completely misses Duvessa.
Duvessa shouts!
Casting: Summon Small Mammal (safe; 7% risk of failure)
Confirm with . or Enter, or press ? or * to list all spells.
Duvessa hits you with a +0 short sword.
Your rat closely misses Duvessa.
Duvessa hits you with a +0 short sword!
You hit Duvessa but do no damage.
Duvessa is lightly wounded.
Your bat barely misses Duvessa.
Duvessa hits you with a +0 short sword!
* * * LOW HITPOINT WARNING * * *
Your rat closely misses Duvessa.
You hit Duvessa but do no damage.
Duvessa is lightly wounded.
Duvessa looks more healthy.
Your bat hits Duvessa but does no damage.
Duvessa hits you with a +0 short sword!
You die...

.#...#.....#............'........
.......≈.≈..............##..####.
.##............(...##'##########.
#####..............#.....#..)...)
##.............#.....'.......
##............#.....#.......
#.......b....#.....#.......
########..e..#.....#.......
#.r@..###..###...##.
#.......#..###...##.
#.......'...........
#......>#...........
#.......#...........
#.......##..##..###.
##.....?.#..##..###.
#.......#..........
#.......#..........


You could see Duvessa (berserk, ally target), a friendly bat (summoned) and a
friendly rat (summoned).

Vanquished Creatures
  Eustachio (D:4)
  Dowan (D:4)
  2 iguanas
  3 adders
  A worm (D:2)
  A dart slug (D:4)
  4 bats
  5 endoplasms
  4 giant cockroaches
  9 goblins
  4 hobgoblins
  2 jackals (D:1)
  A quokka (D:2)
  3 ball pythons
  A frilled lizard (D:2)
  6 kobolds
  5 rats
53 creatures vanquished.

Vanquished Creatures (collateral kills)
  A worm (D:3)
  A giant cockroach (D:3)
  A hobgoblin (D:3)
  A ball python (D:2)
  A bat (D:1)
  2 frilled lizards (D:1)
  2 goblins (D:1)
  4 kobolds
  2 rats
15 creatures vanquished.

Grand Total: 68 creatures vanquished

Notes
Turn   | Place    | Note
-------+----------+-------------------------------------------
     0 | D:1      | promet the Human Wanderer began the quest for the Orb.
     0 | D:1      | promet set off with the following items: a +0 mace, a +0
                  | pair of boots, a potion of heal wounds, a +0 leather
                  | armour; and the following spell memorised: Summon Small
                  | Mammal; and the following spells available to memorise:
                  | Call Canine Familiar, Summon Ice Beast.
     0 | D:1      | Reached XP level 1. HP: 15/15 MP: 2/2
   325 | D:1      | Reached XP level 2. HP: 21/21 MP: 1/3
   897 | D:1      | Reached XP level 3. HP: 26/26 MP: 3/5
  1655 | D:2      | Found an opulent altar of Gozag.
  1818 | D:2      | Found a faded altar of an unknown god.
  1924 | D:2      | Reached XP level 4. HP: 31/32 MP: 5/7
  2638 | D:3      | Reached skill level 1 in Ranged Weapons
  4097 | D:4      | Noticed Robin
  4382 | D:4      | Noticed Duvessa
  4382 | D:4      | Noticed Dowan
  4427 | D:4      | Noticed Eustachio
  4663 | D:4      | Reached XP level 5. HP: 37/37 MP: 8/8
  5054 | D:4      | Killed Eustachio
  5055 | D:4      | Reached XP level 6. HP: 38/44 MP: 6/10
  5578 | D:4      | Killed Dowan
  5648 | D:4      | Slain by Duvessa

Illustrated notes

Levels and vault maps discovered:
D:1:      elethiomel_arrival_diamonds, layout_loops_cross
D:2:      layout_loops_ring, nicolae_ecumenical_pavilion, basic_altar
D:3:      layout_loops_ring, feat_on_display
D:4:      layout_gridville, minmay_misc_feat_tiny, roderic_serpentine_path,
          nicolae_kite_square_tiling_tiny, uniq_duvessa, uniq_eustachio,
          uniq_menkaure, uniq_robin

Skill      XL: |  1  2  3  4  5 |
---------------+----------------+-----
Spellcasting   | 2 |  2.8
Ranged Weapons | 1 |  1.4
Fighting       | 2 |  2.2
Long Blades    | 2 |  2.4
Armour         | 2 |  2.1
Short Blades   | |  0.2
Maces & Flails | |  1.5
Throwing       | |  0.1
Dodging        | |  0.8
Stealth        | |  2.8
Summonings     | |  3.7
Evocations     | |  1.0

Action                     |  1- 3 |  4- 6 || total
---------------------------+-------+-------++-------
  Melee: Mace              |    56 |     3 ||    59
         Dagger            |     6 |    43 ||    49
         Falchion          |       |    53 ||    53
         Punch             |       |     1 ||     1
   Fire: Sling             |    16 |    12 ||    28
  Throw: Dart              |       |     8 ||     8
   Cast: Summon Small Mamm |    35 |    37 ||    72
    Use: Scroll            |     6 |     3 ||     9
         Potion            |       |     1 ||     1
   Stab: Sleeping          |       |     2 ||     2
 Armour: Leather armour    |    32 |    46 ||    78
  Dodge: Dodged            |    51 |    85 ||   136

Table legend: (Time is in decaauts)
 A = Elapsed time spent in this place.
 B = Non-inter-level travel time spent in this place.
 C = Inter-level travel time spent in this place.
 D = Time resting spent in this place.
 E = Time spent auto-exploring this place.
 F = Levels seen in this place.
 G = Mean time per level.
                   A        B        C        D        E       F      G
               +--------+--------+--------+--------+--------+-----+--------+
         Total |   5688 |   5437 |    251 |   2244 |   1440 |   4 | 1422.0 |
       Dungeon |   5688 |   5437 |    251 |   2244 |   1440 |   4 | 1422.0 |
               +--------+--------+--------+--------+--------+-----+--------+

Top non-repeatable levels by time:
     D:3: 1672 daAuts
     D:4: 1434 daAuts
     D:1: 1298 daAuts
     D:2: 1282 daAuts
